[Event "46th Barbera del Valles Open-A 2024"]
[Site "Barbera del Valles"]
[Date "2024.07.06"]
[Round "3.1"]
[White "Utsab Chatterjee"]
[Black "Cuartas, Jaime Alexander"]
[Result "0-1"]
[ECO "C79"]
[WhiteElo "2287"]
[BlackElo "2519"]
[Annotator "TA"]
[PlyCount "110"]
[EventDate "2024.06.25"]
[EventType "swiss"]
[EventCountry "ESP"]
[SourceTitle "playchess.com"]
[Source "ChessBase"]
[SourceQuality "1"]
[TimeControl "5400+30"]

1. e4 e5 2. Nf3 Nc6 3. Bb5 a6 4. Ba4 Nf6 5. O-O d6 6. Re1 Bd7 7. c3 g6 8. d4 b5 9. Bb3 Bg7 10. Nbd2 O-O 11. Nf1 Bg4 12. Be3 {[%emt 0:00:13] The position is equal.} exd4 (12... Nxe4 $2 13. Bd5 Na5 14. dxe5 $18 (14. Bxe4 d5 $18)) 13. cxd4 Na5 (13... Nxe4 $2 14. Bd5 $18) 14. Bc2 (14. h3 $11 Bxf3 15. Qxf3) 14... Nc4 15. b3 Nxe3 16. Nxe3 Bc8 17. Rc1 (17. e5 $1 $11 Nd7 18. Be4) 17... Bb7 $15 18. e5 Nd5 (18... Nd7 $17 19. exd6 cxd6) 19. Nxd5 $11 Bxd5 20. Be4 Bxe4 21. Rxe4 dxe5 22. dxe5 Qxd1+ 23. Rxd1 c5 24. Kf1 Rfd8 25. Ree1 Kf8 26. Rxd8+ Rxd8 {[%emt 0:00:13][%mdl 4096] Endgame. KRB-KRN} 27. Ng5 Ke7 28. f4 Bh6 {[%emt 0:00:23] ...Bxg5 is the strong threat.} 29. Ne4 (29. Nh3 $1 $11 {keeps the balance.}) 29... Bxf4 $17 30. Nxc5 Bxh2 31. Nxa6 Bg3 32. Re3 (32. Re4 $17) 32... Rd1+ $19 33. Ke2 Re1+ 34. Kf3 Rxe3+ 35. Kxe3 Bxe5 {[%emt 0:00:07] KB-KN} 36. Nb4 Bd6 (36... Ke6 $142 {Threatens to win with ...Bd6.} 37. a4 bxa4 38. bxa4 h5) 37. Nd5+ (37. Nc2 $17 {is the only way for White.}) 37... Ke6 38. Kd4 h5 39. a4 bxa4 (39... h4 $1 $17 40. axb5 g5) 40. bxa4 $15 Kd7 ({Black should try} 40... Bb8 $17 41. a5 h4) 41. Nb6+ Kc6 42. Nc4 h4 (42... Bc7 $15) 43. Na5+ (43. a5 $11) 43... Kd7 {[%emt 0:01:19] ...g5 would now be deadly.} 44. Kd5 $2 (44. Nb3 $15) 44... g5 $1 $19 {[%emt 0:03:03] And now ...g4 would win.} 45. Nc4 Bf4 ({Better is} 45... Bc7 $1 $19 46. Ne3 Ke7) 46. a5 $11 f5 (46... Kc7 $5 47. Ke4 $8 Kb7 $11) 47. Nb6+ Kd8 48. a6 {[%emt 0:01:50] Threatening mate with a7.} Bb8 {[%emt 0:00:07] ( -> ...g4)} 49. Kc6 $2 (49. Nc4 $11) 49... g4 $1 {[%emt 0:00:01] Black mates.} 50. Kb7 {[%emt 0:00:10] [#]} h3 $1 51. gxh3 {[%emt 0:01:43] [#]} g3 $1 52. Kxb8 g2 53. a7 g1=Q (53... g1=R 54. a8=Q (54. a8=B Rb1 $15) 54... Ke7 55. Qa7+ Kd6 56. Nc8+ Kd5 57. Qxg1 f4 58. h4) 54. Kb7 Qh1+ 55. Ka6 f4 {[%emt 0:00:36] Weighted Error Value: White=0.37/Black=0.17 (very precise) .  Loses game:     	White=1     	---        Missed win:     	---       	Black=1      Mistake:       	White=7     	Black=5      Inaccurate:     	White=1     	Black=2      OK:         	White=12    	Black=17     Best:        	White=6     	Black=4      Strong:       	---       	Black=2} (55... Qxh3 $2 {is the wrong capture.} 56. a8=Q+ (56. a8=R+ $2 Ke7 $19) 56... Ke7 57. Qd5 $16) 0-1

[Event "46th Barbera del Valles Open-A 2024"]
[Site "Barbera del Valles"]
[Date "2024.07.06"]
[Round "3.2"]
[White "Diaz Perez, Michel Alejandro"]
[Black "Fanninger, Leon"]
[Result "1-0"]
[ECO "B09"]
[WhiteElo "2486"]
[BlackElo "2186"]
[Annotator "RC"]
[PlyCount "95"]
[EventDate "2024.06.25"]
[EventType "swiss"]
[EventCountry "ESP"]
[SourceTitle "playchess.com"]
[Source "ChessBase"]
[SourceQuality "1"]
[TimeControl "5400+30"]

1. e4 d6 2. d4 Nf6 3. Nc3 g6 4. f4 Bg7 5. Nf3 O-O 6. Bd3 Na6 7. O-O c5 8. d5 Bg4 9. h3 Bxf3 10. Rxf3 Rc8 11. Bc4 Nd7 12. Qe2 Nb4 13. Nd1 Nb6 14. c3 Nxc4 15. Qxc4 Na6 16. Ne3 Qa5 17. a4 Nc7 18. f5 Qa6 19. Qxa6 Nxa6 20. Nc4 Nb8 21. f6 exf6 22. Nxd6 Rc7 23. Bf4 Re7 24. Re1 Rd8 25. Rff1 b6 26. Nb5 Rb7 27. Bc7 Rc8 28. Bg3 Rd7 29. c4 Na6 30. Bh4 g5 31. Bg3 Nb4 32. Re2 h6 33. Nd6 Rcd8 34. Nf5 Re8 35. Be1 Nd3 36. Bc3 Ne5 37. b3 a5 38. Ng3 Kh7 39. Rf5 Kg6 40. Nf1 Rd6 41. Bxe5 fxe5 42. g4 Rf6 43. Ng3 Rxf5 44. exf5+ Kh7 45. Ne4 f6 46. d6 Rd8 47. Rd2 Rd7 48. b4 1-0

[Event "46th Barbera del Valles Open-A 2024"]
[Site "Barbera del Valles"]
[Date "2024.07.06"]
[Round "3.3"]
[White "Bakshi, Rutuja"]
[Black "Solodovnichenko, Yuri"]
[Result "1-0"]
[ECO "A13"]
[WhiteElo "2058"]
[BlackElo "2481"]
[Annotator "TA"]
[PlyCount "123"]
[EventDate "2024.06.25"]
[EventType "swiss"]
[EventCountry "ESP"]
[SourceTitle "playchess.com"]
[Source "ChessBase"]
[SourceQuality "1"]
[TimeControl "5400+30"]

1. c4 e6 2. g3 d5 3. Bg2 Nf6 4. Nf3 dxc4 5. Qa4+ c6 6. Qxc4 b5 7. Qc2 Bb7 8. b3 {[%emt 0:03:36] A13: English Opening: 1...e6.} Nbd7 9. Bb2 Be7 10. Nc3 Rc8 11. Rc1 Qb6 12. O-O c5 13. d3 O-O 14. Rfd1 Rc7 $146 ({Predecessor:} 14... Rfd8 15. a4 a6 16. Ra1 c4 17. bxc4 bxc4 18. d4 Bb4 19. e3 h6 20. Ba3 Bxc3 21. Qxc3 {0-1 Cornes,C (1888)-Truelove,C (2031) ENG NC/TRIP01F email 2016}) 15. e4 Rfc8 16. Qe2 a6 17. h3 h6 18. Kh2 Bd6 19. Nb1 e5 20. Nbd2 Re8 21. Nf1 Nb8 22. Ne3 Nc6 23. Qd2 Rd7 24. Ng1 Bf8 25. Bc3 Qd8 26. a3 (26. Qe2 $15) 26... h5 $17 27. Ne2 h4 28. b4 (28. g4 $17) 28... hxg3+ 29. fxg3 (29. Nxg3 $17 {is a better defense.} cxb4 30. axb4) 29... Nd4 (29... cxb4 $19 30. axb4 a5 31. bxa5 b4) 30. Qb2 $17 g6 ({Black should play} 30... c4 $17 {And now ...cxd3 would win.} 31. dxc4 Nxe4 (31... Bxe4 32. Nxd4 Bxg2 33. Ne6 $15) 32. cxb5 Nf2 (32... Nxb5 33. Bxe5 Nf2 34. Rxd7 $11) (32... axb5 33. Bxe4 Bxe4 34. Nxd4 $17) 33. Bxb7 (33. Nxd4 $2 Nxd1 34. Rxd1 Bxg2 $19) 33... Nxd1 (33... Rxb7 34. bxa6 Rd7 35. a7 $17) 34. Rxd1 Rxb7 35. bxa6 Rd7 36. Bxd4 (36. Nxd4 $2 exd4 37. Bxd4 Rxe3 $19) 36... exd4) 31. bxc5 $15 Nxe2 32. Qxe2 Bxc5 33. Nc2 Bf8 34. Rb1 Qc7 35. Bb2 Bg7 36. Nb4 a5 37. Nc2 Ba6 38. Na1 (38. Ne1 $15) 38... Red8 39. Rbc1 Qb8 (39... Qb6 $17 {...b4 would now be deadly.} 40. Nb3 Bf8) 40. Nb3 $11 b4 41. Nc5 Rd6 42. Nxa6 (42. Bxe5 $5 Ng4+ $8 43. Qxg4 Bxe5 44. Nxa6 Rxa6 45. d4 $14) 42... Rxa6 43. d4 bxa3 44. Bxa3 Rb6 45. d5 Bf8 46. Bxf8 Kxf8 47. Qd2 a4 48. Rf1 Kg7 49. Qf2 Rdd6 50. g4 Rb2 51. Qf3 Rb3 52. Qf2 Qb6 (52... Qb7 $5) 53. Qh4 Qd8 54. Qf2 Qb6 55. Qh4 Rd8 $2 (55... Qd8 $11) 56. Rc6 $18 Nxg4+ 57. Qxg4 (57. hxg4 $142 Qxc6 58. dxc6 (58. Rxf7+ Kxf7 59. Qh7+ Kf6 $18)) 57... Qb7 58. Qg5 Re8 59. Rff6 Qe7 60. Rxg6+ fxg6 61. Rxg6+ Kf8 62. Rg8+ 1-0

[Event "46th Barbera del Valles Open-A 2024"]
[Site "Barbera del Valles"]
[Date "2024.07.06"]
[Round "3.4"]
[White "Reyan"]
[Black "Narciso Dublan, Marc"]
[Result "1-0"]
[ECO "B07"]
[WhiteElo "2022"]
[BlackElo "2432"]
[Annotator "TA"]
[PlyCount "93"]
[EventDate "2024.06.25"]
[EventType "swiss"]
[EventCountry "ESP"]
[SourceTitle "playchess.com"]
[Source "ChessBase"]
[SourceQuality "1"]
[TimeControl "5400+30"]

1. e4 d6 2. d4 Nf6 3. Nc3 e5 4. Nge2 Be7 5. g3 O-O 6. Bg2 c6 7. O-O b5 8. a3 Nbd7 9. h3 a5 10. g4 Ba6 11. b4 (11. Re1 $11) 11... Bb7 {[%emt 0:04:57] Hoping for ...axb4.} 12. Rb1 axb4 13. axb4 Nb6 14. f4 Nc4 15. f5 (15. Ng3 $11) 15... Nd7 (15... exd4 $142 16. Nxd4 Nd7) 16. Kh1 Bg5 17. dxe5 (17. d5 $142) 17... Bxc1 (17... Ncxe5 18. Bxg5 Qxg5 19. Qxd6 $14) (17... Ndxe5 $17 18. Qe1 Bh4) 18. Qxc1 $15 dxe5 19. g5 Qb6 20. Rf3 Rad8 21. f6 g6 22. Qe1 h5 (22... Rfe8 $15) 23. Ng3 $1 $16 Kh7 (23... Nb8 $1 $14) 24. Rd3 c5 (24... Na3 $16 {keeps fighting.}) 25. bxc5 ({Only move:} 25. Nxh5 $1 $18 cxb4 (25... gxh5 $2 26. Qh4 $18) 26. Rxb4) 25... Nxc5 $14 26. Rxb5 Qc6 {[%emt 0:00:00] [#]} (26... Nxd3 27. cxd3 Qe3 28. Qxe3 Nxe3 29. Rxb7 $11) (26... Qc7 $1 $14 27. Rxd8 Rxd8) 27. Rxd8 (27. Nxh5 $1 $18 Nxd3 (27... gxh5 $2 28. Qh4 $18) 28. cxd3) 27... Rxd8 28. Nxh5 {[%emt 0:05:36][%cal Oe1h4] Threatens to win with Qh4!} gxh5 $2 (28... Nd6 $1 $11 {and Black stays safe.} 29. Qh4 Nf5 (29... Nxb5 30. Nf4+ Kg8 31. Qh6)) 29. Qe2 Ne6 $2 (29... Kg6) 30. Qxh5+ $18 Kg8 31. g6 fxg6 32. Qxg6+ Kf8 33. Qh6+ Ke8 34. Qh5+ Kd7 {[%emt 0:01:02] [#]} 35. Rxb7+ $1 Qxb7 36. Qf7+ Kc6 37. Qxe6+ Kc5 38. Bf1 Ne3 39. Qxe5+ Kb4 40. Na2+ (40. Nd5+ $142 Kc5 41. Nxe3+ Kc6 42. Qe6+ Kc5 43. f7 Qb8 44. Nc4 Kb5 45. Qe7 (45. Ne5+ Ka4 46. Qa6+ Kb4 47. Nc6+ Kc3 48. Nxb8 Rxb8 49. Qa5+ Kd4 50. Qa7+ Kc3)) 40... Ka4 41. Nc3+ (41. Bb5+ $18 Ka3 42. Qe7+ (42. Nc3 Qc8 $11) 42... Qxe7 43. fxe7 Rd1+ 44. Kh2 Rd2+ 45. Kg3 Rxc2 46. e8=Q (46. e8=N Rxa2 47. Bd3 Kb4 $17) 46... Rxa2 47. Qf8+ Kb3 48. Qf3 Rg2+ 49. Kf4) 41... Kb4 42. Bd3 (42. Nd5+ $142 Kc5 43. Nxe3+ Kc6 44. Qe6+ Kc7 45. f7 Kb8 46. Qf6 Qd7 47. Qb6+ (47. f8=B Qc8 $18) 47... Ka8 48. Bg2) 42... Qc8 {[%emt 0:00:56] [#]} 43. Kh2 ({White must play} 43. Na2+ $1 $18 Ka3 44. Qa5+ Kb2 45. Qb6+ Ka1 46. Qxe3 Kxa2 47. Qa7+ Kb2 48. Qb6+ Kc1 49. Kg2 (49. Qe3+ Kb2 $18)) 43... Ka3 $2 {[%emt 0:01:03][%mdl 8192] Black cannot hold the game after this.} (43... Qxc3 $11 44. Qe7+ Ka4 45. Qa7+ (45. Qxd8 Qe5+ 46. Kh1 Qa1+ 47. Kh2 Qe5+ 48. Kh1 Qa1+ 49. Kh2 Qe5+ $11) 45... Qa5 46. Qxe3 Qe5+ 47. Qg3 Qxf6) 44. Qa5+ {[%emt 0:00:28] White mates.} Kb2 45. Qb4+ Kc1 46. Na2+ Kd1 47. Qb1+ {[%emt 0:00:06] Weighted Error Value: White=0.81/Black=0.84.  Loses game:     	---       	Black=2      Mistake:       	White=6     	Black=7      Inaccurate:     	White=1     	Black=3      OK:         	White=5     	Black=3      Best:        	White=1     	Black=1      Strong:       	White=1     	---} 1-0

[Event "46th Barbera del Valles Open-A 2024"]
[Site "Barbera del Valles"]
[Date "2024.07.06"]
[Round "3.5"]
[White "Vedant Rupeshbhai Varasada"]
[Black "Kaustuv, Kundu"]
[Result "1-0"]
[ECO "C45"]
[WhiteElo "1860"]
[BlackElo "2403"]
[Annotator "TA"]
[PlyCount "53"]
[EventDate "2024.06.25"]
[EventType "swiss"]
[EventCountry "ESP"]
[SourceTitle "playchess.com"]
[Source "ChessBase"]
[SourceQuality "1"]
[TimeControl "5400+30"]

1. e4 e5 2. Nf3 Nc6 3. d4 exd4 4. Nxd4 Nf6 5. Nxc6 bxc6 6. e5 Qe7 7. Qe2 Nd5 8. c4 Ba6 9. Nd2 g6 10. Ne4 {[%emt 0:00:24] [#] aiming for Qc2.} O-O-O (10... Qxe5 $2 11. Nf6+ Nxf6 12. Qxe5+ $18) 11. Qc2 Nb4 12. Qc3 {[%emt 0:03:58] Black is slightly better.} Re8 (12... Qh4 $1 $15 13. Nd6+ Bxd6 14. exd6 c5) 13. f4 $1 $11 {[%emt 0:25:44] And now a3 would win.} d5 {[%emt 0:16:36] [#]} (13... c5 $1 $14) 14. a3 $1 $18 (14. cxd5 cxd5 15. Ng5 Bxf1 16. Rxf1 f6 $15) 14... Na2 (14... Nd3+ $142 15. Bxd3 dxe4) 15. Qa5 (15. Rxa2 $6 dxe4 16. Qa5 Bb7 $18) 15... Bb7 16. Rxa2 dxe4 17. Qxa7 c5 18. Be2 (18. Be3 $18) 18... Qh4+ $16 19. g3 Qh3 20. Bf1 {[%emt 0:05:53] Dodges Qg2} (20. Be3 g5 $16) (20. Qa4 $142 Re6 21. Bf1) 20... Qd7 (20... Qg4 $16 {was worth a try.}) 21. Be3 $36 {[%emt 0:01:45][%cal Ob2b4,Bc1e3,Be3f4,Bf4g5][%mdl 2080] Strongly threatening b4! White is on the roll.} g5 {[%emt 0:04:53] ...gxf4 is the strong threat.} 22. b3 (22. fxg5 $6 Re6 23. h4 (23. Bxc5 $2 Ra6 $19) 23... Bg7 (23... Ra6 $2 24. Qxa6 Bxa6 25. Bh3 $18)) 22... gxf4 23. Rd2 (23. Bxc5 $2 Bxc5 (23... Rxe5 24. Bd4 $19) 24. Qxc5 e3 25. gxf4 Rd8 (25... Bxh1 $2 26. Qxe3 Kb8 27. Bh3 $19) 26. Qxe3 Qd1+ (26... Bxh1 27. Bh3 $16) 27. Kf2 Bxh1 $19) (23. gxf4 Rg8 24. Qa4 (24. Bxc5 $2 Rd8 $19) 24... Bc6 25. Qa6+ Bb7 $14) (23. Bxf4 $16 {Threatens to win with Rd2.} Qg4 24. Be2 (24. Bg2 Re6 $16)) 23... Qg4 ({Black should play} 23... Qf5 $1 $14 24. gxf4 Rg8) 24. Bxf4 {[%emt 0:03:31] Hoping for Bg2. White is more active.} (24. gxf4 $2 Qf3 25. Re2 Qxh1 $19) 24... Qf3 (24... h5 $16 {is a better chance.}) 25. Bh3+ Re6 26. Rf1 (26. Bxe6+ fxe6 27. Rf1 Qxb3 $11) 26... Qxb3 (26... Qh5 $18 27. Bxe6+ fxe6) 27. Bg5 {[%emt 0:01:06] Weighted Error Value: White=0.22 (precise) /Black=1.01.  Loses game:     	---       	Black=1      Mistake:       	White=3     	Black=6      Inaccurate:     	White=2     	---        OK:         	White=4     	Black=6      Best:        	White=4     	Black=1      Strong:       	White=2     	---} ({Weaker is} 27. Bxe6+ fxe6 28. Bg5 Be7 29. Bxe7 Qe3+ 30. Kd1 Qb3+ 31. Ke1 (31. Ke2 Qxc4+ 32. Kf2 e3+ 33. Kxe3 Qxf1 $17) 31... Qe3+ 32. Re2 (32. Kd1 Qb3+ 33. Ke1 $11) 32... Qc3+ 33. Kf2 (33. Rd2 $2 e3 $19) 33... Qf3+ 34. Ke1 Qc3+ 35. Kf2 (35. Rd2 $2 e3 $19) 35... Qf3+ 36. Ke1 Qc3+ $11) 1-0

[Event "46th Barbera del Valles Open-A 2024"]
[Site "Barbera del Valles"]
[Date "2024.07.06"]
[Round "3.6"]
[White "Suvradeepta, Das"]
[Black "Alsina Leal, Daniel"]
[Result "0-1"]
[ECO "B41"]
[WhiteElo "2114"]
[BlackElo "2512"]
[Annotator "TA"]
[PlyCount "76"]
[EventDate "2024.06.25"]
[EventType "swiss"]
[EventCountry "ESP"]
[SourceTitle "playchess.com"]
[Source "ChessBase"]
[SourceQuality "1"]
[TimeControl "5400+30"]

1. d4 Nf6 2. c4 e6 3. Nf3 c5 4. Nc3 cxd4 5. Nxd4 a6 6. e4 Qc7 7. Be2 b6 8. O-O {[%emt 0:02:01][%cal Oe4e5] Strongly threatening e5!} Bb7 9. f3 Bd6 10. Kh1 {[%emt 0:03:29][%cal Oc3b5] [#] aiming for Ncb5!} Be7 {[%emt 0:03:00] White is slightly better.} (10... Bxh2 $2 {loses.} 11. f4 $18) 11. Be3 d6 12. Rc1 O-O 13. b4 Nbd7 14. Qd2 Rac8 15. Rfd1 Qb8 16. Nb3 Rfe8 17. Bf1 h6 18. Qf2 d5 19. cxd5 exd5 20. Nxd5 (20. b5 {keeps more tension.} Ba3 21. bxa6 Bxc1 22. Rxc1 Ba8 23. exd5 Nxd5 24. Bd4) 20... Nxd5 21. exd5 Rxc1 22. Nxc1 Bxb4 23. Bxb6 Bd6 24. Be3 (24. Ne2 $11) 24... Bxh2 $15 {[%emt 0:05:15] And now ...Bg3 would win.} 25. d6 Bxd6 {[%emt 0:01:39] ...Bg3 is the strong threat.} 26. Qd2 Re6 27. Bc4 {[%emt 0:00:00] [#]} Rf6 {[%emt 0:00:06] Hoping for ...Qe8.} 28. Ne2 Ne5 29. Bd5 Bxd5 30. Qxd5 Ng6 31. Nc3 Bf4 32. Qa5 Bc7 (32... Bxe3 $2 {is the wrong capture.} 33. Rd8+ $18) 33. Qa3 (33. Qa4 $17) 33... Re6 $19 34. Ne4 (34. Qc1 $17 {might work better.}) 34... Qb5 35. Kg1 $2 (35. Qc5) 35... Qh5 {[%emt 0:00:27] Threatens to win with ...Rxe4. Black is clearly winning.} 36. Qc5 Qh2+ 37. Kf2 Nh4 {[%emt 0:00:30] Dodges Qf5} 38. Rg1 Rg6 {[%emt 0:00:23] Weighted Error Value: White=0.39/Black=0.06 (flawless) .  Mistake:       	White=5     	---        Inaccurate:     	White=2     	Black=1      OK:         	White=9     	Black=12     Best:        	White=2     	Black=4} 0-1

[Event "46th Barbera del Valles Open-A 2024"]
[Site "Barbera del Valles"]
[Date "2024.07.06"]
[Round "3.7"]
[White "Ayats Llobera, Gerard"]
[Black "Thakur, Akash"]
[Result "1/2-1/2"]
[ECO "C95"]
[WhiteElo "2466"]
[BlackElo "2233"]
[Annotator "TA"]
[PlyCount "55"]
[EventDate "2024.06.25"]
[EventType "swiss"]
[EventCountry "ESP"]
[SourceTitle "playchess.com"]
[Source "ChessBase"]
[SourceQuality "1"]
[TimeControl "5400+30"]

1. e4 e5 2. Nf3 Nc6 3. Bb5 a6 4. Ba4 Nf6 5. O-O Be7 6. Re1 b5 7. Bb3 d6 8. c3 O-O 9. h3 Re8 10. d4 Bf8 11. Nbd2 Bb7 12. Bc2 Nb8 13. a4 Nbd7 14. Bd3 c6 15. b4 Qc7 16. Qb3 d5 17. dxe5 {[%emt 0:09:15] The position is equal.} Nxe5 18. Nxe5 Rxe5 19. Nf3 {[%emt 0:03:14] [#] And now Bf4 would win.} Ree8 20. e5 Ne4 21. Qc2 c5 22. bxc5 Bxc5 23. Be3 bxa4 24. Rxa4 Rec8 25. c4 g6 26. Raa1 Bxe3 27. Rxe3 Qe7 28. Qd1 {[%emt 0:01:00] Weighted Error Value: White=0.10 (very precise) /Black=0.12 (very precise) .  Inaccurate:     	White=1     	Black=2      OK:         	White=4     	Black=3} 1/2-1/2

[Event "46th Barbera del Valles Open-A 2024"]
[Site "Barbera del Valles"]
[Date "2024.07.06"]
[Round "3.8"]
[White "Escobar Forero, Alder"]
[Black "Singh, Siddharth"]
[Result "1-0"]
[ECO "C15"]
[WhiteElo "2426"]
[BlackElo "2050"]
[Annotator "TA"]
[PlyCount "87"]
[EventDate "2024.06.25"]
[EventType "swiss"]
[EventCountry "ESP"]
[SourceTitle "playchess.com"]
[Source "ChessBase"]
[SourceQuality "1"]
[TimeControl "5400+30"]

1. e4 e6 2. d4 d5 3. Nc3 Bb4 4. a3 Bxc3+ 5. bxc3 Ne7 6. Bd3 c5 7. dxc5 Qa5 {[%emt 0:02:52] Threatens to win with ...dxe4.} 8. Nf3 Nd7 {[%emt 0:02:18] White must now prevent ...dxe4.} 9. exd5 {[%emt 0:12:24] White has an edge.} Nxd5 10. O-O h6 (10... Qxc3 $11 11. Bd2 Qxc5) 11. Re1 O-O 12. c4 N5f6 13. Bd2 Qc7 14. Qc1 (14. c6 $16 Qxc6 15. Nd4) 14... Nxc5 $14 {[%emt 0:07:54] [#]} 15. Bxh6 $1 Nxd3 $1 16. Qg5 {[%emt 0:04:18][%csl Gh6][%cal Rg5g7] The board is on fire.} ({Much weaker is} 16. cxd3 $6 gxh6 17. Qxh6 Nh7 $11) 16... Ne8 17. cxd3 f6 18. Qg6 Qf7 19. Qg3 {[%emt 0:00:22] White has more active pieces. Black is weak on the dark squares} (19. Qxf7+ {simplifies} Rxf7 20. Bd2 Rc7 21. Bf4) 19... Kh7 {[%emt 0:00:00] Black is on the road to losing.} (19... e5 $14) 20. Bd2 $16 {[%emt 0:00:31][%cal Bh6d2,Bd2b4,Bb4d6][%mdl 32] Strongly threatening Qh4+.} Qg6 21. Qh4+ Kg8 22. d4 $36 {[%emt 0:03:37][%mdl 2048] White is really pushing.} Nd6 23. Bb4 Nf5 24. Qe4 Re8 25. a4 Rb8 {[%emt 0:00:00] [#]} 26. Bd6 $1 Ra8 27. a5 Kf7 28. Bc5 a6 (28... Nh6 {is a better defense.} 29. Nd2 Rd8) 29. Rab1 $18 Rd8 $2 (29... Kg8 30. Rb6 Ne7) 30. Rxb7+ Kg8 {[%emt 0:00:00] [#]} 31. Rxg7+ $3 Kxg7 32. Qxa8 Rh8 33. Qa7+ Kh6 34. Qc7 e5 (34... Qg7 $142 35. Qxg7+ Kxg7) 35. dxe5 Rg8 36. g3 Qh5 37. Qc6 Rg6 38. exf6 {[%emt 0:03:52] White mates.} Bd7 39. Bf8+ Kh7 40. Qxd7+ Kg8 41. f7+ Kh8 42. Ba3 Nxg3 43. f8=Q+ Rg8 44. Qdg7# {[%emt 0:00:16] Weighted Error Value: White=0.13 (very precise) /Black=0.37.  Mistake:       	White=1     	Black=5      Inaccurate:     	White=1     	Black=3      OK:         	White=15    	Black=7      Best:        	White=3     	Black=3      Strong:       	---       	Black=1      Brilliant:      	White=1     	---} 1-0

[Event "46th Barbera del Valles Open-A 2024"]
[Site "Barbera del Valles"]
[Date "2024.07.06"]
[Round "3.9"]
[White "Munoz, Miguel"]
[Black "Nagare Kaivalya Sandip"]
[Result "1/2-1/2"]
[ECO "C77"]
[WhiteElo "2364"]
[BlackElo "2109"]
[Annotator "TA"]
[PlyCount "66"]
[EventDate "2024.06.25"]
[EventType "swiss"]
[EventCountry "ESP"]
[SourceTitle "playchess.com"]
[Source "ChessBase"]
[SourceQuality "1"]
[TimeControl "5400+30"]

1. e4 e5 2. Nf3 Nc6 3. Bb5 a6 4. Ba4 Nf6 5. Bxc6 dxc6 6. d3 Bd6 7. Nbd2 Be6 8. b3 Qe7 9. Bb2 Nd7 10. Qe2 O-O-O 11. O-O-O Rhe8 12. Kb1 f6 13. Nf1 Ba3 14. Ba1 Bc5 15. Ne3 Bxe3 16. fxe3 c5 17. h3 Kb8 18. Rhe1 Bf7 19. Qf2 (19. Bb2 $11 {might be stronger.}) 19... a5 $15 20. g4 {[%emt 0:09:42] [#]} a4 $1 21. Nh4 {[%emt 0:00:54] [#]} (21. Qd2 axb3) 21... c4 $1 22. Nf5 (22. dxc4 Qb4) 22... Qf8 (22... Qb4 $17 23. dxc4 g6 (23... Bxc4 24. Nxg7 Rg8 25. Nh5 $11)) 23. dxc4 $11 Nc5 24. Qf3 axb3 25. axb3 {[%emt 0:00:06] [#]} Bxc4 26. bxc4 $16 (26. Rxd8+ Rxd8 27. bxc4 Nxe4 28. Qxe4 Qb4+ 29. Ka2 Qxe1 $17) 26... Na4 {[%emt 0:04:11] [#] Strongly threatening ...Qb4+.} 27. Rxd8+ (27. Nd4 $1 $16) 27... Rxd8 $11 {[%emt 0:00:13] The position is equal.} 28. Rd1 {[%emt 0:00:11] Threatens to win with Rxd8+.} Qb4+ 29. Kc1 Qa3+ 30. Kb1 Qb4+ 31. Kc1 Qa3+ 32. Kb1 Qb4+ 33. Kc1 Qa3+ {[%emt 0:00:05] Weighted Error Value: White=0.14 (very precise) /Black=0.14 (very precise) .  Mistake:       	White=2     	Black=2      Inaccurate:     	White=2     	Black=2      OK:         	White=8     	Black=10     Best:        	White=2     	Black=5} 1/2-1/2

[Event "46th Barbera del Valles Open-A 2024"]
[Site "Barbera del Valles"]
[Date "2024.07.06"]
[Round "3.10"]
[White "Blasco Cardona, Pol"]
[Black "Valenzuela Gomez, Fernando"]
[Result "0-1"]
[ECO "B90"]
[WhiteElo "2004"]
[BlackElo "2358"]
[Annotator "TA"]
[PlyCount "50"]
[EventDate "2024.06.25"]
[EventType "swiss"]
[EventCountry "ESP"]
[SourceTitle "playchess.com"]
[Source "ChessBase"]
[SourceQuality "1"]
[TimeControl "5400+30"]

1. e4 c5 2. Nf3 d6 3. d4 cxd4 4. Nxd4 Nf6 5. Nc3 a6 6. h3 e5 7. Nde2 h5 8. Bg5 Be6 9. Bxf6 Qxf6 {[%emt 0:00:00] The position is equal.} 10. Nd5 Qd8 11. Qd3 Nd7 12. O-O-O g6 13. Kb1 Rc8 14. Nec3 Bh6 15. Be2 O-O 16. h4 Nc5 17. Qg3 (17. Qf3 $1 $14) 17... Kh7 ({Better is} 17... Bxd5 18. Rxd5 Ne6) 18. Rhf1 ({White should play} 18. f3 $11) 18... Bxd5 $15 19. Rxd5 Qc7 {[%emt 0:00:00][%cal Oc5e4] [#] Hoping for ...Nxe4!} 20. Bd3 Ne6 21. Qf3 Qb6 22. Na4 {[%emt 0:00:00][%mdl 8192] This costs White the game.} (22. Be2 $15) 22... Qb4 $19 23. b3 Nf4 24. a3 $2 {[%emt 0:00:00] [#]} (24. c3 Qa3 25. Ra5) 24... Qxa3 25. Nb6 Rc3 {[%emt 0:00:00] Weighted Error Value: White=0.62/Black=0.12 (very precise) .  Loses game:     	White=1     	---        Mistake:       	White=3     	Black=1      Inaccurate:     	White=2     	---        OK:         	White=6     	Black=6      Best:        	---       	Black=2} 0-1